Map: Blackrock LE

Players

Halo - Winner!

  • Race: Zerg Zerg

A.I. 1 (Very Hard)

  • Race: Terran Terran

VOD

Have the link to the VOD?

Description

Time

  • Played on: Aug. 5, 2026, 4:25 p.m.
  • Length: 10:27
Show
View Real Time Build Order
Export as new Build Order

Halo Zerg - Winner!

Build Orders: Hatch First 

Get SALT Encoding   

  8  0:00  Drone  
  9  0:12  Drone  
  10  0:16  Drone  
  11  0:22  Drone  
  11  0:27  Extractor  
  11  0:30  Drone  
  13  0:40  Overlord  
  13  0:58  Drone x2  
  15  1:13  Hatchery  
  15  1:17  Drone  
  15  1:20  Drone  
  16  1:38  Spawning Pool  
  15  1:40  Extractor  
  15  1:41  Drone  
  15  1:45  Drone  
  16  1:49  Drone  
  16  1:52  Drone  
  19  2:01  Drone  
  19  2:11  Overlord  
  19  2:26  Drone x2  
  21  2:33  Queen x2  
  25  2:37  Zergling x2  
  25  2:38  Zergling x2  
  25  2:42  Drone  
  28  2:48  Overlord  
  28  2:53  Drone  
  28  2:55  Drone  
  30  3:01  Drone  
  30  3:04  Metabolic Boost  
  31  3:21  Drone  
  31  3:22  Hatchery  
  31  3:25  Drone  
  31  3:26  Drone  
  33  3:35  Queen  
  33  3:41  Overlord  
  35  3:48  Overlord  
  35  3:51  Drone x3  
  35  3:53  Drone  
  39  3:56  Drone  
  39  3:59  Extractor  
  39  4:04  Drone  
  39  4:05  Baneling Nest  
  39  4:06  Drone  
  39  4:09  Drone  
  41  4:26  Drone x2  
  41  4:28  Drone x4  
  47  4:32  Zergling x8  
  51  4:45  Queen  
  53  4:53  Zergling x10  
  58  5:05  Overlord x2  
  58  5:22  Overlord x3  
  58  5:32  Drone x10  
  68  5:37  Overlord  
  68  5:38  Overlord  
  68  5:44  Drone x3  
  68  5:45  Drone x2  
  68  5:47  Zergling x10  
  78  5:58  Zergling x6  
  78  6:00  Overlord  
  78  6:03  Overlord  
  81  6:15  Overlord  
  81  6:16  Overlord x2  
  81  6:17  Zergling x14  
  88  6:22  Zergling x2  
  88  6:23  Zergling x4  
  91  6:32  Lair  
  91  6:33  Evolution Chamber, Drone x2  
  91  6:35  Zergling x2, Evolution Chamber  
  91  6:37  Zergling x2  
  91  6:38  Zergling x2  
  91  6:39  Zergling x4  
  96  6:40  Zergling x2  
  96  6:41  Zergling x2  
  96  6:42  Zergling x2  
  96  6:44  Zergling x10  
  104  6:57  Zergling x6  
  107  7:01  Baneling  
  107  7:02  Baneling x22  
  107  7:05  Zerg Melee Weapons Level 1, Zerg Ground Armor Level 1  
  107  7:08  Zergling x2  
  107  7:09  Zergling x10  
  107  7:15  Zergling x16  
  121  7:17  Overlord  
  121  7:32  Drone x2  
  121  7:33  Overlord  
  123  7:39  Zergling x12  
  123  7:40  Hatchery  
  128  7:45  Centrifugal Hooks  
  128  7:46  Zergling x8  
  128  7:48  Overlord  
  128  7:51  Overlord  
  132  7:52  Hatchery  
  131  8:09  Overlord x2  
  131  8:11  Zergling x26  
  144  8:38  Zergling x24  
  144  8:39  Zergling x6  
  144  8:41  Hatchery  
  158  8:42  Hatchery  
  157  8:51  Zergling x2  
  157  8:52  Zergling x8  
  123  9:17  Zergling x2  
  123  9:18  Zergling x34  
  128  9:31  Queen  
  128  9:32  Queen  
  128  9:33  Drone x5  
  128  9:35  Drone x2  
  128  9:38  Drone x2  
  135  9:53  Drone  
  135  9:54  Drone x6  
  135  9:59  Zergling x22  
Show
View Real Time Build Order
Export as new Build Order

A.I. 1 (Very Hard) Terran 

Build Orders:  

Get SALT Encoding   

  8  0:00  SCV  
  9  0:13  SCV  
  10  0:25  SCV  
  11  0:37  SCV  
  12  0:46  Supply Depot  
  12  0:49  SCV  
  13  0:57  Refinery  
  13  1:07  SCV  
  14  1:17  Barracks  
  14  1:20  SCV  
  15  1:32  SCV  
  16  1:42  Supply Depot  
  16  1:44  SCV  
  17  1:56  SCV  
  18  2:06  Marine  
  18  2:08  SCV  
  20  2:10  Factory  
  20  2:20  SCV  
  20  2:21  Barracks  
  21  2:27  Marine  
  22  2:32  SCV  
  23  2:41  Supply Depot  
  23  2:44  SCV  
  23  2:46  Marine  
  25  2:54  Factory Tech Lab  
  25  2:56  SCV  
  26  3:20  Command Center, Orbital Command  
  26  3:26  Refinery  
  26  3:28  Marine  
  27  3:41  Marine  
  28  3:45  SCV  
  29  3:50  Marine  
  30  3:57  SCV  
  30  3:59  Marine  
  32  4:08  Marine  
  32  4:09  SCV  
  34  4:16  Marine  
  35  4:19  Barracks  
  35  4:22  SCV  
  36  4:27  Barracks Tech Lab  
  36  4:31  SCV  
  36  4:34  SCV  
  36  4:35  Barracks Tech Lab  
  38  4:40  Starport  
  38  4:43  SCV  
  38  4:46  SCV  
  39  4:56  SCV, Marine  
  39  4:58  Marine, SCV  
  43  5:05  Supply Depot  
  43  5:08  SCV  
  43  5:10  SCV  
  43  5:12  Stimpack  
  43  5:13  Marine  
  48  5:14  Marauder  
  48  5:18  Marauder  
  50  5:26  SCV  
  51  5:30  SCV  
  51  5:31  Supply Depot, Marine  
  55  5:35  Marauder  
  55  5:39  SCV, Marine  
  57  5:46  Combat Shield  
  57  5:48  Engineering Bay  
  57  5:49  Barracks Reactor  
  57  5:51  SCV  
  57  5:52  Medivac, SCV  
  57  5:55  Supply Depot  
  63  5:57  Marauder  
  63  6:00  Marauder  
  63  6:03  SCV  
  66  6:15  Terran Infantry Weapons Level 1  
  66  6:16  Refinery, SCV  
  66  6:17  SCV  
  70  6:18  Marauder  
  70  6:19  Supply Depot  
  70  6:20  Marine  
  70  6:22  Medivac  
  72  6:29  SCV  
  73  6:33  SCV  
  74  6:40  Marine x3, Marauder  
  74  6:41  Hellion, SCV, Refinery  
  74  6:42  Supply Depot  
  82  7:03  SCV  
  82  7:04  Marauder, Hellion, SCV  
  82  7:07  Engineering Bay  
  88  7:09  Supply Depot  
  88  7:14  Concussive Shells  
  88  7:20  SCV x2  
  90  7:31  Hellion, Marauder x2  
  90  7:32  SCV, Terran Infantry Armor Level 1, Barracks, Orbital Command  
  90  7:35  Supply Depot  
  97  7:40  Missile Turret  
  97  7:43  Missile Turret, Starport Reactor  
  97  7:47  SCV  
  98  7:57  Hellion, Marauder x2, Supply Depot  
  104  7:59  SCV  
  105  8:09  Missile Turret  
  105  8:19  Marine x2, Viking, Medivac  
  111  8:20  Factory  
  111  8:23  Starport  
  111  8:26  Supply Depot  
  111  8:28  Command Center  
  111  8:42  Missile Turret  
  111  8:44  Marauder  
  115  8:48  Supply Depot, Marauder  
  115  8:49  Medivac, Viking  
  119  8:59  Viking  
  121  9:05  Missile Turret  
  121  9:10  Hellion x2  
  121  9:13  Supply Depot  
  121  9:15  Marine  
  121  9:16  Marine  
  105  9:17  Marine  
  105  9:19  Marine  
  105  9:21  Marine  
  64  9:31  Hellion  
  64  9:32  Hellion  
  64  9:33  Marine, SCV  
  64  9:36  Marine  
  64  9:37  Marauder  
  71  9:38  Marine  
  71  9:44  Marine  
  56  9:51  Marine  
  44  9:55  Marine  
  44  9:58  Marine  
Tags
 
Add a new tag
Caveats
  • Supply blocks, unpowered buildings, or Contaminate may cause inaccurate times.
  • Supply counts are checked every 10 seconds.